 Dungeon Crawl Stone Soup version 0.23.2-30-g0e89c35649 (webtiles) character file.

Game seed: 11399314745388302929

5175 Masnef the Destroyer (level 10, -1/56 HPs)
             Began as a Deep Elf Fire Elementalist on June 24, 2019.
             Was a Priest of Sif Muna.
             Killed by divine providence
             ... invoked by an orc priest
              (12 damage)
             ... on level 8 of the Dungeon.
             The game lasted 00:36:10 (11316 turns).

Masnef the Destroyer (Deep Elf Fire Elementalist)  Turns: 11316, Time: 00:36:10

Health: -1/56      AC:  7    Str:  5    XL:     10   Next: 34%
Magic:  16/21      EV: 19    Int: 24    God:    Sif Muna [***...]
Gold:   533        SH:  0    Dex: 22    Spells: 8/21 levels left

rFire    + . .     SeeInvis .   i - +2 short sword (elec)
rCold    + . .     Gourm    .   (no shield)
rNeg     . . .     Faith    .   D - +2 robe of the Ten Queens {rF+ Dex+7}
rPois    .         Spirit   .   e - +0 helmet
rElec    .         Reflect  .   (no cloak)
rCorr    .         Harm     .   y - +0 pair of gloves
MR       ++...                  n - +0 pair of boots
Stlth    +++.......             (no amulet)
HPRegen  0.18/turn              u - ring of protection from cold
MPRegen  0.17/turn              A - ring of protection from magic

@: confusing touch, divine energy
A: no striking features
a: Stop Divine Energy, Channel Magic, Renounce Religion


You were on level 8 of the Dungeon.
You worshipped Sif Muna.
Sif Muna was most pleased with you.
You were not hungry.

You visited 2 branches of the dungeon, and saw 9 of its levels.

You collected 533 gold pieces.

Inventory:

Hand Weapons
 i - a +2 short sword of electrocution (weapon)
 t - a +2 dagger of venom
Missiles
 f - 6 javelins (quivered)
Armour
 a - a +0 robe
 e - a +0 helmet (worn)
 n - a +0 pair of boots (worn)
 y - a +0 pair of gloves (worn)
 D - the +2 robe of the Ten Queens (worn) {rF+ Dex+7}
   (You found it on level 7 of the Dungeon)

   It affects your dexterity (+7).
   It protects you from fire.
Magical Staves
 F - an uncursed staff of earth
Jewellery
 u - a ring of protection from cold (left hand)
 A - a ring of protection from magic (right hand)
 H - an uncursed ring of ice {unknown}
Wands
 q - a wand of random effects (58)
Scrolls
 g - a scroll of enchant weapon
 h - 3 scrolls of remove curse {unknown}
 j - a scroll of immolation {unknown}
 k - 5 scrolls of teleportation
 l - 2 scrolls of amnesia
 s - 3 scrolls of enchant armour {unknown}
 w - 2 scrolls of fog {unknown}
 B - a scroll of vulnerability {unknown}
 G - 3 scrolls of identify
Potions
 b - 2 potions of might
 d - a potion of brilliance
 m - a potion of degeneration
 o - 2 potions of mutation
 p - a potion of haste {unknown}
 r - 3 potions of heal wounds
 v - a potion of magic {unknown}
 x - 2 potions of invisibility {unknown}
 z - 2 potions of agility
 C - 2 potions of berserk rage {unknown}
 E - a potion of resistance {unknown}
 J - a potion of cancellation {unknown}
Comestibles
 c - 20 rations
 I - 4 chunks of flesh


   Skills:
 * Level 3.3 Fighting
 * Level 4.3 Short Blades
 * Level 7.5 Dodging
 - Level 5.0 Stealth
 - Level 6.0 Spellcasting
 * Level 10.3 Conjurations
 - Level 8.0 Fire Magic


You had 8 spell levels left.
You knew the following spells:

 Your Spells              Type           Power        Failure   Level  Hunger
a - Flame Tongue          Conj/Fire      #####        1%          1    None
b - Throw Flame           Conj/Fire      ######       1%          2    None
c - Sticky Flame          Conj/Fire      ######..     1%          4    ###....
d - Confusing Touch       Hex            #.....       8%          1    None
f - Fireball              Conj/Fire      ######....   4%          5    #####..

Your spell library contained the following spells:

 Spells                   Type           Power        Failure   Level  Hunger
 Conjure Flame            Conj/Fire      ######..     1%          3    #......
 Inner Flame              Hex/Fire       ####....     4%          3    #......
 Animate Skeleton         Necr           N/A          8%          1    None
 Apportation              Tloc           #.....       8%          1    None
 Summon Small Mammal      Summ           #...         8%          1    None


Dungeon Overview and Level Annotations

Branches:
Dungeon (8/15)             Temple (1/1) D:4
   Lair: D:8-11

Altars:
Ashenzari
Cheibriados
Dithmenos
Elyvilon
Fedhas
Hepliaklqana
Kikubaaqudgha
Makhleb
Nemelex Xobeh
Okawaru
Qazlal
Ru
Sif Muna
Trog
Uskayaw
Vehumet
Xom
Zin


Message History

Your hands begin to glow red.
Your magical contamination has completely faded away.
Casting: Confusing Touch (safe; 8% risk of failure)
Confirm with . or Enter, or press ? or * to list all spells.
Aiming: Fireball (safe; 4% risk of failure)
Press: ? - help, Shift-Dir - straight line, f - orc warrior
Aim: an orc warrior, wielding a +0 trident and wearing a +0 chain mail (chance to confuse on hit: 66%)
The fireball explodes!
The fireball engulfs the orc warrior.
The orc warrior is moderately wounded.
The fireball engulfs the orc!
You kill the orc!
Sif Muna accepts your kill.
The orc warrior hits you from afar with a +0 trident!
The orc priest invokes the aid of Beogh against you.
Beogh smites you!
The orc warrior hits you from afar with a +0 trident!
* * * LOW HITPOINT WARNING * * *
The orc priest mumbles some strange prayers to Beogh against you.
Beogh smites you!
You die...

### #############.#
#....)o...o...#
#.###########@# #.#
#.# #.# #.# ####o####
#.##### ........#
#..)..# #.......##
#####.# '..o.....# #.#
#.....p..###########.#
)......#...#.........#


You could see an orc warrior and an orc priest.

Vanquished Creatures
  A two-headed ogre (D:8)
  An unseen horror (D:7)
  Pikel (D:8)
  A yak (D:7)
  3 hogs (D:7)
  A human (D:7)
  A hungry ghost (D:8)
  An orc warrior (D:7)
  An ice beast (D:5)
  An ogre (D:7)
  3 phantoms
  2 slaves (D:8)
  A sky beast (D:7)
  A centaur (D:6)
  2 bullfrogs
  A gnoll sergeant (D:5)
  A water moccasin zombie (D:8)
  2 scorpions
  A howler monkey (D:7)
  3 quasits
  2 crimson imps
  4 hounds
  3 orc priests
  A bullfrog skeleton (D:7)
  A jelly (D:7)
  3 orc wizards
  2 centaur skeletons
  Ijyb (D:3)
  2 gnoll shamans (D:5)
  8 worker ants
  A statue (D:5)
  A hound skeleton (D:5)
  Robin (D:3)
  2 howler monkey skeletons
  5 adders
  52 gnolls
  A shadow imp (D:7)
  4 oozes
  2 worms
  2 dart slugs
  9 leopard geckos
  15 orcs
  2 ball pythons
  8 giant cockroaches
  13 goblins
  7 hobgoblins
  27 jackals
  2 kobolds (D:1)
  3 quokkas
  4 bats
  6 frilled lizards
  A leopard gecko zombie (D:4)
  A quokka skeleton (D:4)
  8 rats
233 creatures vanquished.

Notes
Turn   | Place    | Note
-------+----------+-------------------------------------------
     0 | D:1      | Masnef the Deep Elf Fire Elementalist began the quest for
                  | the Orb.
     0 | D:1      | Reached XP level 1. HP: 10/10 MP: 6/6
    64 | D:1      | Reached XP level 2. HP: 8/15 MP: 0/8
    68 | D:1      | Learned a level 2 spell: Throw Flame
   840 | D:1      | Reached XP level 3. HP: 16/19 MP: 0/9
  1220 | D:2      | Reached skill level 2 in Conjurations
  1296 | D:2      | Found a hide-covered altar of Uskayaw.
  1298 | D:2      | Found a glowing silver altar of Zin.
  1434 | D:2      | Reached XP level 4. HP: 24/24 MP: 8/10
  1449 | D:2      | Learned a level 4 spell: Sticky Flame
  1466 | D:2      | Reached skill level 5 in Fire Magic
  1801 | D:2      | Found an iron altar of Okawaru.
  2748 | D:3      | Reached skill level 3 in Conjurations
  2799 | D:3      | Reached XP level 5. HP: 28/28 MP: 3/11
  2839 | D:3      | Found a shimmering altar of Xom.
  2859 | D:3      | Found a hazy altar of Hepliaklqana.
  2859 | D:3      | Noticed an insubstantial wisp
  2860 | D:3      | Noticed an insubstantial wisp
  2860 | D:3      | Noticed a spectral ugly thing
  3120 | D:3      | Noticed Ijyb
  3125 | D:3      | Killed Ijyb
  3199 | D:3      | Noticed Robin
  3227 | D:3      | Killed Robin
  3611 | D:4      | Found a staircase to the Ecumenical Temple.
  3616 | Temple   | Entered the Ecumenical Temple
  3621 | Temple   | Became a worshipper of Sif Muna the Loreminder
  3667 | D:4      | Reached skill level 1 in Short Blades
  3804 | D:4      | Reached skill level 4 in Conjurations
  3804 | D:4      | Reached XP level 6. HP: 32/32 MP: 12/12
  3882 | D:4      | Found a blossoming altar of Fedhas.
  3887 | D:4      | Found an ancient bone altar of Kikubaaqudgha.
  4290 | D:4      | Found a white marble altar of Elyvilon.
  4670 | D:4      | Reached skill level 5 in Conjurations
  4670 | D:4      | Reached XP level 7. HP: 32/36 MP: 6/14
  4841 | D:5      | Entered Level 5 of the Dungeon
  5165 | D:5      | Learned a level 1 spell: Confusing Touch
  5294 | D:5      | Reached * piety under Sif Muna
  5948 | D:5      | HP: 1/36 [poisoned by a worker ant]
  6304 | D:5      | Reached skill level 6 in Conjurations
  6317 | D:5      | Learned a level 5 spell: Fireball
  6405 | D:5      | Found a radiant altar of Vehumet.
  6792 | D:5      | Reached XP level 8. HP: 41/41 MP: 11/16
  7217 | D:5      | Reached ** piety under Sif Muna
  7217 | D:5      | Reached skill level 7 in Conjurations
  8034 | D:6      | Reached skill level 5 in Dodging
  8515 | D:6      | Reached skill level 8 in Conjurations
  8543 | D:6      | Found a bloodstained altar of Trog.
  8915 | D:7      | Reached skill level 1 in Fighting
  8915 | D:7      | Reached skill level 5 in Spellcasting
  9309 | D:7      | Reached XP level 9. HP: 46/47 MP: 11/18
  9310 | D:7      | Noticed an unseen horror
  9314 | D:7      | Killed an unseen horror
  9315 | D:7      | Reached *** piety under Sif Muna
  9701 | D:7      | Got a fine robe
  9712 | D:7      | Identified the +2 robe of the Ten Queens {rF+ Dex+7} (You
                  | found it on level 7 of the Dungeon)
 10066 | D:7      | Reached skill level 9 in Conjurations
 11001 | D:8      | Reached XP level 10. HP: 55/55 MP: 21/21
 11016 | D:8      | Reached skill level 5 in Stealth
 11153 | D:8      | Noticed Pikel
 11161 | D:8      | Killed Pikel
 11161 | D:8      | Reached skill level 10 in Conjurations
 11197 | D:8      | Noticed a two-headed ogre
 11202 | D:8      | Killed a two-headed ogre
 11202 | D:8      | Reached **** piety under Sif Muna
 11316 | D:8      | Killed from afar by an orc priest

Skill      XL: |  1  2  3  4  5  6  7  8  9 10 |
---------------+-------------------------------+-----
Fire Magic     | 4 5 6 7 8 |  8.0
Conjurations   | 2 3 4 5 6 8 9 10 | 10.3
Short Blades   | 1 2 3 4 |  4.3
Dodging        | 3 4 5 6 7 |  7.5
Spellcasting   | 4 5 6 |  6.0
Stealth        | 3 4 5 |  5.0
Fighting       | 1 2 3 |  3.3

Action                   |  1- 3 |  4- 6 |  7- 9 | 10-12 || total
-------------------------+-------+-------+-------+-------++-------
Melee: Unarmed           |     7 |       |       |       ||     7
       Short sword       |     1 |    24 |   120 |    25 ||   170
Throw: Javelin           |       |       |     1 |       ||     1
 Cast: Flame Tongue      |    48 |    68 |   119 |     6 ||   241
       Throw Flame       |     8 |    42 |    78 |       ||   128
       Sticky Flame      |       |     1 |    37 |     7 ||    45
       Confusing Touch   |       |       |    16 |     4 ||    20
       Fireball          |       |       |    16 |     1 ||    17
Invok: Divine Energy     |       |       |     1 |       ||     1
Evoke: Wand              |       |       |     2 |       ||     2
  Use: Scroll            |       |     7 |     8 |       ||    15
       Potion            |       |       |     1 |       ||     1
 Stab: Sleeping          |       |     5 |     4 |     1 ||    10
       Confused          |       |       |     2 |     3 ||     5
  Eat: Chunk             |       |    12 |    31 |     3 ||    46
Armor: Robe              |     8 |     5 |    35 |     8 ||    56
Dodge: Dodged            |    12 |    25 |   130 |    21 ||   188
